 Dungeon Crawl Stone Soup version 0.28.0-47-ge53b351184 (webtiles) character file.

Game seed: 4100565688460411488

3844 issech the Basher (level 9, -2/80 HPs)
             Began as a Troll Monk on Apr 26, 2022.
             Was a Priest of Hepliaklqana.
             Slain by a human
             ... wielding a +0 war axe
              (4 damage)
             ... in a bailey.
             The game lasted 00:27:24 (6083 turns).

issech the Basher (Troll Monk)                      Turns: 6083, Time: 00:27:25

Health: -2/80      AC:  5    Str: 21    XL:     9   Next: 98%
Magic:  8/8        EV: 13    Int:  6    God:    Hepliaklqana [***...]
Gold:   363        SH:  5    Dex: 16    Spells: 8/8 levels left

rFire   + . .      SeeInvis +   x - +4 trident of Plog {chaos, *Noise rElec rPois rN+++}
rCold   . . .      Faith    .   (no shield)
rNeg    + + +      Spirit   .   D - +1 robe {rF+}
rPois   +          Reflect  +   (helmet restricted)
rElec   +          Harm     .   (no cloak)
rCorr   .          Rampage  .   (gloves unavailable)
Will    +....                   (boots unavailable)
Stlth   ++........              N - amulet of reflection
HPRegen 1.03/turn               l - ring of see invisible
MPRegen 0.11/turn               F - ring of willpower

@: no status effects
A: reduced essence, large, unfitting armour, claws 3, regeneration 1, shaggy fur
1, tough skin 1
a: Renounce Religion, Recall Ancestor, Ancestor Identity, Transference


You were in a bailey.
You worshipped Hepliaklqana.
Hepliaklqana was most pleased with you.
You visited 2 branches of the dungeon, and saw 8 of its levels.
You also visited: Bailey.

You collected 363 gold pieces.

Inventory:

Hand Weapons
 h - a +2 dagger of venom
 j - a +0 giant spiked club
 t - a +1 mace of protection
 x - the +4 trident of Plog (weapon) {chaos, *Noise rElec rPois rN+++}
   (You found it on level 7 of the Dungeon)

   Each time it hits an enemy it has a different, random effect.
   rElec:     It insulates you from electricity.
   rPois:     It protects you from poison.
   rN:        It renders you almost immune to negative energy.
   *Noise:    It may make noises in combat.
 G - a +0 morningstar
 H - a +1 hunting sling of freezing
 J - a +2 whip of freezing
Missiles
 c - 183 stones
 g - 19 poisoned darts
 m - 91 sling bullets
 o - 5 curare-tipped darts
 q - 43 bolts
 C - 18 boomerangs (quivered)
 E - 95 arrows
Armour
 D - a +1 robe of fire resistance (worn)
Magical Staves
 I - a staff of conjuration
Jewellery
 l - a ring of see invisible (left claw)
 F - a ring of willpower (right claw)
 N - an amulet of reflection (around neck)
 P - a ring of see invisible
Wands
 y - a wand of flame (26)
Scrolls
 d - a scroll of magic mapping {unknown}
 f - a scroll of immolation
 i - 2 scrolls of amnesia {unknown}
 n - 4 scrolls of identify {unknown}
 s - 2 scrolls of brand weapon {unknown}
 v - a scroll of enchant armour {unknown}
 w - 3 scrolls of teleportation {unknown}
 z - a scroll of enchant weapon {unknown}
 A - 3 scrolls of fear {unknown}
 B - 2 scrolls of blinking {unknown}
 L - a scroll of acquirement {unknown}
Potions
 a - 2 potions of mutation {unknown}
 b - a potion of might {unknown}
 e - 2 potions of curing {unknown}
 k - 2 potions of magic {unknown}
 p - 2 potions of lignification {unknown}
 r - 3 potions of degeneration {unknown}
 u - a potion of invisibility {unknown}
 M - 2 potions of flight {unknown}
 O - 2 potions of attraction {unknown}


   Skills:
 + Level 5.8 Fighting
 + Level 1.5 Short Blades
 + Level 8.5 Maces & Flails
 + Level 1.8 Polearms
 + Level 1.5 Throwing
 + Level 6.6 Dodging
 + Level 2.8 Stealth
 + Level 0.2 Shields


You had 8 spell levels left.
You didn't know any spells.
Your spell library contained the following spells:

 Spells                   Type           Power      Damage    Failure   Level
 Foxfire                  Conj/Fire      0%         2x1d4     45%         1
 Sting                    Tmut/Pois      0%         1d3       45%         1
 Poisonous Vapours        Pois/Air       0%         N/A       58%         2
 Conjure Flame            Conj/Fire      0%         6-21      83%         3
 Inner Flame              Hex/Fire       0%         N/A       83%         3
 Summon Guardian Golem    Hex/Summ       0%         N/A       83%         3
 Flame Wave               Conj/Fire      0%         2d4       99%         4
 Olgreb's Toxic Radiance  Pois           0%         N/A       99%         4
 Orb of Destruction       Conj           0%         9d5       100%        7
 Spellforged Servitor     Conj/Summ      0%         N/A       100%        7


Dungeon Overview and Level Annotations

Branches:
Dungeon (7/15)             Temple (1/1) D:5          Bailey (1/1)

Altars:
Ashenzari
Cheibriados
Dithmenos
Elyvilon
Fedhas
Gozag
Hepliaklqana
Kikubaaqudgha
Makhleb
Nemelex Xobeh
Okawaru
Qazlal
Ru
Sif Muna
Trog
Uskayaw
Vehumet
Wu Jian
Xom
Yredelemnul
Zin
The Shining One


Innate Abilities, Weirdness & Mutations

Your life essence is reduced to manifest your ancestor. (-10% HP)
You are too large for most types of armour.
You have claws for hands.
Your natural rate of healing is unusually fast.
You are covered in fur. (AC +1)
You have tough skin. (AC +1)


Message History

The human closely misses you.
Lucius gestures at the human while chanting.
The puff of frost hits the human.
The human hits you with a +0 war axe!
You hit the human. You drain the human.
The human is heavily wounded.
The human hits you with a +0 war axe! x2
You swap places.
You enter the shallow water.
Moving in this stuff is going to be slow.
The human barely misses Lucius.
The human hits Lucius with a +0 war axe!
Lucius hits the human with a +0 quarterstaff!
The human hits Lucius with a +0 war axe!
Lucius is destroyed!
You closely miss the human.
The human is almost dead.
The human hits you with a +0 war axe!
* * * LOW HITPOINT WARNING * * *
You see here a bullfrog corpse.
There is an open door here.
You closely miss the human.
The human is almost dead.
You barely miss the human.
The human is almost dead.
The human hits you with a +0 war axe!
* * * LOW HITPOINT WARNING * * *
You closely miss the human.
The human is almost dead.
The human hits you with a +0 war axe!
* * * LOW HITPOINT WARNING * * *
The human closely misses you.
You barely miss the human.
The human is almost dead.
The human misses you. The human hits you with a +0 war axe!
* * * LOW HITPOINT WARNING * * *
Unknown command.
As you read the scroll labelled HIWUVODGHIU, it crumbles to dust.
The creatures around you are filled with an inner flame!
It was a scroll of immolation.
The human completely misses you. The human hits you with a +0 war axe.
You die...

#### #####
##...##≈≈≈##
##....#≈≈≈≈≈#
#.....'≈≈≈≈≈#####
#......#≈≈pp##...##
###....##o†gpp.∩..#
###.. #####@....#
##+ +..∩..# ##...##
#####


You could see 4 humans, an orc (inner flame) and a hobgoblin (inner flame).

Vanquished Creatures
  Prince Ribbit (D:5)
  2 water moccasins (D:5)
  An orc warrior (D:7)
  A hornet zombie (D:6)
  A sky beast (D:6)
  2 necrophages
  2 phantoms
  2 bullfrogs (Bailey)
  A howler monkey (D:4)
  An orc priest (D:3)
  A hound (D:5)
  3 iguanas (D:4)
  3 orc wizards
  Robin (D:4)
  5 adders
  An adder zombie (D:5)
  2 worms
  3 dart slugs
  20 orcs
  8 ball pythons
  5 endoplasms
  2 giant cockroaches
  9 hobgoblins
  4 jackals (D:1)
  4 quokkas
  5 bats
  4 frilled lizards
  16 goblins
  A kobold (D:4)
  7 rats
118 creatures vanquished.

Vanquished Creatures (collateral kills)
  Harold (D:7)
  Menkaure (D:7)
  2 vampire mosquitoes (D:7)
  A steam dragon (D:6)
  A water moccasin (D:7)
  2 sky beasts (D:7)
  2 orc warriors (D:7)
  A centaur (D:7)
  2 phantoms
  A bullfrog (Bailey)
  2 scorpions
  2 hounds
  A centaur zombie (D:6)
  A bullfrog skeleton (D:6)
  2 iguanas (D:7)
  4 orc wizards
  4 adders
  9 orcs
  2 goblins (D:7)
41 creatures vanquished.

Vanquished Creatures (others)
  2 battlemagi
  A plant (D:2)
  4 withered plants (D:2)
7 creatures vanquished.

Grand Total: 166 creatures vanquished

Notes
Turn   | Place    | Note
-------+----------+-------------------------------------------
     0 | D:1      | issech the Troll Monk began the quest for the Orb.
     0 | D:1      | Reached XP level 1. HP: 22/22 MP: 0/0
   167 | D:1      | Reached XP level 2. HP: 27/29 MP: 1/1
   677 | D:2      | Reached skill level 3 in Maces & Flails
   813 | D:2      | Reached XP level 3. HP: 36/36 MP: 2/2
  1072 | D:2      | You fall into a shaft and drop 2 floors!
  1136 | D:4      | Reached XP level 4. HP: 21/45 MP: 3/3
  1279 | D:4      | Reached XP level 5. HP: 53/53 MP: 4/4
  1289 | D:4      | Noticed Robin
  1302 | D:4      | Killed Robin
  1425 | D:4      | Noticed a necrophage
  1440 | D:4      | Killed a necrophage
  1441 | D:4      | Reached skill level 1 in Short Blades
  1441 | D:4      | Reached skill level 4 in Maces & Flails
  1677 | D:3      | Reached XP level 6. HP: 32/61 MP: 5/5
  1933 | D:3      | Found a burning altar of Makhleb.
  2065 | D:2      | Found a faded altar of an unknown god.
  3441 | D:5      | Entered Level 5 of the Dungeon
  3473 | D:5      | Reached XP level 7. HP: 68/68 MP: 6/6
  3546 | D:5      | Reached skill level 5 in Maces & Flails
  3593 | D:5      | Found a staircase to the Ecumenical Temple.
  3660 | Temple   | Entered the Ecumenical Temple
  3712 | Temple   | Became a worshipper of Hepliaklqana the Forgotten
  3712 | Temple   | Reached * piety under Hepliaklqana
  3712 | Temple   | Reached ** piety under Hepliaklqana
  3713 | Temple   | Remembered your ancestor Lucius as a battlemage
  4198 | D:5      | Noticed Prince Ribbit
  4218 | D:5      | Killed Prince Ribbit
  4219 | D:5      | Reached XP level 8. HP: 13/70 MP: 7/7
  4470 | D:5      | Reached skill level 6 in Maces & Flails
  4474 | D:5      | Reached skill level 5 in Dodging
  5230 | D:6      | Reached skill level 7 in Maces & Flails
  5653 | D:7      | Reached XP level 9. HP: 45/78 MP: 8/8
  5660 | D:7      | Reached skill level 5 in Fighting
  5740 | D:7      | Identified the +4 trident of Plog {chaos, *Noise rElec
                  | rPois rN+++}
  5772 | D:7      | Noticed Menkaure
  5778 | D:7      | Killed Menkaure
  5787 | D:7      | Reached skill level 8 in Maces & Flails
  5835 | D:7      | Reached *** piety under Hepliaklqana
  5853 | D:7      | Reached skill level 1 in Throwing
  5876 | D:7      | Noticed Harold
  5895 | D:7      | Killed Harold
  5896 | D:7      | Reached skill level 1 in Polearms
  6020 | D:7      | Found a flagged portal.
  6049 | Bailey   | Entered a bailey
  6082 | Bailey   | HP: 1/80 [human/+0 war axe (10)]
  6083 | Bailey   | Slain by a human

Illustrated notes

Levels and vault maps discovered:
D:1:      scummos_arrival_simple_fountains, layout_rooms, feat_on_display
D:2:      minmay_chambers_of_twos, layout_loops_ring,
          shapermc_ecumenical_altar_flowoftime, minmay_puff
D:3:      layout_basic, mainiacjoe_overflow_alcove_1,
          minmay_misc_feat_more_columns
D:4:      layout_gridville, uniq_robin
D:5:      minmay_skewed_foursquare, layout_loops_ring, minmay_temple_entry_tees,
          amethyst_killhole, uniq_prince_ribbit1
D:6:      layout_cave_pods
D:7:      layout_cave_pools, enter_bailey_5, uniq_harold, uniq_menkaure
Temple:   nicolae_temple_the_god_donut
Bailey:   bailey_axe_froggy_fort_hellmonk, bailey

Skill      XL: |  1  2  3  4  5  6  7  8  9 |
---------------+----------------------------+-----
Maces & Flails | 3 4 5 7 8 |  8.5
Fighting       | 3 4 5 |  5.8
Dodging        | 3 4 5 6 |  6.6
Short Blades   | 1 |  1.5
Stealth        | 2 |  2.8
Throwing       | 1 |  1.5
Polearms       | 1 |  1.8
Shields        | |  0.2

Action                   |  1- 3 |  4- 6 |  7- 9 || total
-------------------------+-------+-------+-------++-------
Melee: Mace              |    63 |   159 |   112 ||   334
       Dagger            |    41 |    60 |       ||   101
       Punch             |     2 |     2 |     3 ||     7
       Trident           |       |       |    42 ||    42
Throw: Boomerang         |       |       |    11 ||    11
Invok: Ancestor Life: Ba |       |       |     1 ||     1
  Use: Scroll            |       |       |     1 ||     1
 Stab: Sleeping          |     1 |     1 |       ||     2
       Distracted        |       |       |     3 ||     3
Armor: Robe              |    61 |    77 |    59 ||   197
Dodge: Dodged            |    93 |   125 |   127 ||   345
Block: Other             |       |       |    15 ||    15
       Reflection        |       |       |     1 ||     1
